[Event "Kupreichik Memorial Rapid 2019"]
[Site "Minsk"]
[Date "2019.08.16"]
[Round "7.10"]
[White "Pogosian, Manvel"]
[Black "Kuleshov, Konstantin"]
[Result "1-0"]
[ECO "D79"]
[WhiteElo "2383"]
[BlackElo "2076"]
[Annotator "NA"]
[PlyCount "65"]
[EventDate "2019.08.15"]
[EventType "swiss"]
[EventCountry "BLR"]
[SourceTitle "playchess.com"]
[Source "ChessBase"]
[SourceQuality "1"]
[TimeControl "900+10"]

1. d4 Nf6 2. Nf3 g6 3. g3 Bg7 4. Bg2 O-O 5. O-O d5 6. c4 c6 7. cxd5 cxd5 8. Ne5 e6 9. Nc3 Nfd7 10. f4 f5 11. Be3 Nb6 12. Rc1 Bd7 13. b3 Nc6 14. Qd2 Rc8 15. Kh1 Be8 16. Bf3 Nd7 17. g4 Ndxe5 18. fxe5 a6 19. gxf5 gxf5 20. Bg5 Qb6 21. Na4 Qa7 22. Nc5 Bf7 23. Rg1 Kh8 24. Bh6 Rg8 25. Rxg7 Rxg7 26. Bxg7+ Kxg7 27. Qg5+ Kf8 28. Qf6 Re8 29. Nd7+ Kg8 30. Rg1+ Bg6 31. Rxg6+ hxg6 32. Qxg6+ Kh8 33. Qxe8+ 1-0

[Event "Kupreichik Memorial Rapid 2019"]
[Site "Minsk"]
[Date "2019.08.16"]
[Round "7.11"]
[White "Tsaruk, Maksim"]
[Black "Mikhailovsky, Vladimir"]
[Result "1-0"]
[ECO "B00"]
[WhiteElo "2230"]
[BlackElo "2209"]
[Annotator "NA"]
[PlyCount "67"]
[EventDate "2019.08.15"]
[EventType "swiss"]
[EventCountry "BLR"]
[SourceTitle "playchess.com"]
[Source "ChessBase"]
[SourceQuality "1"]
[TimeControl "900+10"]

1. e4 d6 2. d4 g6 3. g3 Bg7 4. Bg2 Nc6 5. Ne2 h5 6. Bg5 Nf6 7. Qd2 Bg4 8. f3 Bd7 9. Nbc3 a6 10. O-O-O b5 11. Rhe1 b4 12. Nd5 a5 13. Kb1 e6 14. Nxf6+ Bxf6 15. Bxf6 Qxf6 16. f4 Qe7 17. d5 Nd8 18. e5 Ra6 19. Nd4 Kf8 20. dxe6 Bxe6 21. f5 gxf5 22. Qf4 Kg7 23. exd6 Qf6 24. dxc7 a4 25. cxd8=Q Rxd8 26. Nxe6+ Rxe6 27. Rf1 a3 28. Qc1 Rc8 29. Bd5 Re2 30. Bb3 Ra8 31. Rd7 Re7 32. Rxe7 Qxe7 33. Rxf5 f6 34. Rxh5 1-0

[Event "Kupreichik Memorial Rapid 2019"]
[Site "Minsk"]
[Date "2019.08.16"]
[Round "7.12"]
[White "Veremeichik, Vladimir"]
[Black "Vashchilov, Sergey"]
[Result "1-0"]
[ECO "D37"]
[WhiteElo "2282"]
[BlackElo "2162"]
[Annotator "NA"]
[PlyCount "101"]
[EventDate "2019.08.15"]
[EventType "swiss"]
[EventCountry "BLR"]
[SourceTitle "playchess.com"]
[Source "ChessBase"]
[SourceQuality "1"]
[TimeControl "900+10"]

1. d4 e6 2. c4 d5 3. Nc3 Nf6 4. Nf3 dxc4 5. Qa4+ c6 6. Qxc4 b5 7. Qb3 a6 8. Bg5 Nbd7 9. a4 Qa5 10. Bxf6 Nxf6 11. e3 Bb4 12. Ne5 Bb7 13. Nd3 c5 14. dxc5 Bxc3+ 15. Qxc3 Qxc3+ 16. bxc3 O-O 17. f3 Nd5 18. Kd2 Rfd8 19. Be2 bxa4 20. c4 Nb4 21. Rxa4 a5 22. Rha1 Nc6 23. Kc3 Ba6 24. f4 Rd7 25. Rb1 Rad8 26. Rb6 Bb7 27. Ne1 Nb4 28. Rxa5 Nc6 29. Rab5 Ba8 30. Rb2 e5 31. Bf3 Rc7 32. Bd5 exf4 33. exf4 Kf8 34. Nd3 Ne7 35. Bxa8 Rxa8 36. Rb8+ Rc8 37. Rxc8+ Rxc8 38. Rb7 Nc6 39. g3 Ke8 40. Nb4 Nd8 41. Rb5 Kd7 42. Ra5 Ke8 43. c6 Nxc6 44. Nxc6 Rxc6 45. c5 Rc7 46. Kc4 Kd7 47. Kd5 Kc8 48. c6 Kd8 49. Kd6 Rc8 50. Ra7 Ke8 51. c7 1-0

[Event "Kupreichik Memorial Rapid 2019"]
[Site "Minsk"]
[Date "2019.08.16"]
[Round "7.13"]
[White "Pakhomov, Alexey"]
[Black "Lazavik, Denis"]
[Result "1/2-1/2"]
[ECO "D10"]
[WhiteElo "2315"]
[BlackElo "2347"]
[Annotator "NA"]
[PlyCount "106"]
[EventDate "2019.08.15"]
[EventType "swiss"]
[EventCountry "BLR"]
[SourceTitle "playchess.com"]
[Source "ChessBase"]
[SourceQuality "1"]
[TimeControl "900+10"]

1. d4 d5 2. c4 c6 3. cxd5 cxd5 4. Bg5 Nc6 5. Nc3 f6 6. Bh4 e6 7. e3 g6 8. Bd3 Bg7 9. Nge2 Nge7 10. f3 O-O 11. O-O Kh8 12. Bf2 e5 13. e4 dxe4 14. Bxe4 exd4 15. Nxd4 f5 16. Nxc6 Nxc6 17. Bxc6 bxc6 18. Qa4 Be6 19. Qxc6 Qc8 20. Qa4 Qc4 21. Qxc4 Bxc4 22. Rfd1 Rfd8 23. Rac1 Rxd1+ 24. Rxd1 Kg8 25. Bd4 Bf8 26. Kf2 a5 27. b3 Bf7 28. Be3 Rc8 29. Ne2 h6 30. Rc1 Ra8 31. Nc3 g5 32. g3 Ba3 33. Rd1 Rc8 34. Ne2 Bb4 35. Rc1 Ra8 36. Rc6 Bf8 37. h4 f4 38. gxf4 gxh4 39. f5 a4 40. bxa4 Bxa2 41. Bxh6 Bxh6 42. Rxh6 Rxa4 43. Rg6+ Kf7 44. Rg4 Ra5 45. Nd4 Bb1 46. Rxh4 Bxf5 47. Nxf5 Rxf5 48. f4 Ra5 49. Kf3 Kg6 50. Rh8 Ra1 51. Rf8 Rf1+ 52. Kg2 Ra1 53. Kf2 Ra3 1/2-1/2

[Event "Kupreichik Memorial Rapid 2019"]
[Site "Minsk"]
[Date "2019.08.16"]
[Round "7.14"]
[White "Balashov, Yuri S"]
[Black "Oblamski, Vladimir"]
[Result "1-0"]
[ECO "B01"]
[WhiteElo "2474"]
[BlackElo "2088"]
[Annotator "ChessBase"]
[PlyCount "77"]
[EventDate "2019.08.15"]
[EventType "swiss"]
[EventCountry "BLR"]
[SourceTitle "playchess.com"]
[Source "ChessBase"]
[SourceQuality "1"]
[TimeControl "900+10"]

1. e4 d5 2. exd5 Qxd5 3. Nf3 Nf6 4. Be2 c6 5. d4 Bg4 6. O-O e6 7. c4 Qd8 8. Be3 Be7 9. Nc3 O-O 10. Ne5 Bxe2 11. Qxe2 Nbd7 12. Rad1 Qc7 13. f4 Rfd8 14. Qf3 Bb4 15. Ne2 Bf8 16. g4 g6 17. Ng3 Bg7 18. g5 Ne8 19. c5 f5 20. Ne2 Nf8 21. Nc3 Bxe5 22. dxe5 Rxd1 23. Rxd1 Rd8 24. Kf2 Qe7 25. b4 Nc7 26. Rd6 Nd5 27. Nxd5 exd5 28. b5 Ne6 29. Qd1 d4 30. Bxd4 Nxf4 31. Qb3+ Kf8 32. Rf6+ Kg7 33. Rf7+ Qxf7 34. e6+ Rxd4 35. exf7 Rd2+ 36. Ke1 Rd5 37. bxc6 bxc6 38. f8=Q+ Kxf8 39. Qb8+ 1-0

[Event "Kupreichik Memorial Rapid 2019"]
[Site "Minsk"]
[Date "2019.08.16"]
[Round "7.15"]
[White "Naumovich, Yaroslav"]
[Black "Kochetkov, Vitali"]
[Result "1/2-1/2"]
[ECO "D15"]
[WhiteElo "1868"]
[BlackElo "2266"]
[Annotator "NA"]
[PlyCount "108"]
[EventDate "2019.08.15"]
[EventType "swiss"]
[EventCountry "BLR"]
[SourceTitle "playchess.com"]
[Source "ChessBase"]
[SourceQuality "1"]
[TimeControl "900+10"]

1. Nf3 d5 2. d4 Nf6 3. c4 c6 4. Nc3 a6 5. a4 g6 6. g3 Bg7 7. Bg2 O-O 8. O-O Ne4 9. cxd5 Nxc3 10. bxc3 cxd5 11. Bf4 Nc6 12. Ne5 Na5 13. e4 Be6 14. Rb1 Rc8 15. Qc2 dxe4 16. Bxe4 Bd5 17. Rfc1 e6 18. Qe2 Bxe4 19. Qxe4 Qd5 20. Qxd5 exd5 21. Nd3 Rfe8 22. Nc5 Re7 23. Kf1 h6 24. Re1 Rxe1+ 25. Kxe1 g5 26. Bd6 Rc6 27. Bb8 Bf8 28. Nxb7 Nxb7 29. Rxb7 Rxc3 30. Rd7 Ra3 31. Rxd5 Rxa4 32. Rd8 Kg7 33. Be5+ f6 34. Bxf6+ Kxf6 35. Rxf8+ Kg6 36. d5 Re4+ 37. Kf1 Rd4 38. Ra8 Rxd5 39. Rxa6+ Kg7 40. Kg2 Rf5 41. f3 Rb5 42. h4 gxh4 43. gxh4 Rb4 44. Kg3 Rc4 45. h5 Rb4 46. f4 Rb1 47. Kg4 Rh1 48. Ra7+ Kg8 49. Re7 Rh2 50. Ra7 Rh1 51. Rb7 Rg1+ 52. Kf5 Rh1 53. Kf6 Rg1 54. f5 Rg5 1/2-1/2

[Event "Kupreichik Memorial Rapid 2019"]
[Site "Minsk"]
[Date "2019.08.16"]
[Round "7.16"]
[White "Barskij, Vladimir"]
[Black "Khrapko, Marharyta"]
[Result "1-0"]
[ECO "B22"]
[WhiteElo "2389"]
[BlackElo "2073"]
[Annotator "NA"]
[PlyCount "105"]
[EventDate "2019.08.15"]
[EventType "swiss"]
[EventCountry "BLR"]
[SourceTitle "playchess.com"]
[Source "ChessBase"]
[SourceQuality "1"]
[TimeControl "900+10"]

1. e4 c5 2. c3 Nf6 3. e5 Nd5 4. Nf3 e6 5. d4 Nc6 6. c4 Ndb4 7. a3 Qa5 8. Bd2 Nxd4 9. Nxd4 cxd4 10. f4 d3 11. axb4 Qxa1 12. Bc3 d2+ 13. Kf2 a5 14. bxa5 Bc5+ 15. Kg3 d6 16. b4 Qa2 17. bxc5 dxe5 18. fxe5 Bd7 19. Bd3 Rxa5 20. Bxa5 Qxa5 21. Qxd2 Qxc5 22. Re1 f6 23. Qe3 Qc7 24. Nc3 O-O 25. Nb5 Bxb5 26. cxb5 Rd8 27. Kf2 f5 28. Rc1 Qa5 29. Bc4 Kf7 30. Kg1 Qb4 31. h3 Rd2 32. Qc3 Qc5+ 33. Kh1 Qf2 34. Qf3 Qxf3 35. gxf3 Kg6 36. Bxe6 Kg5 37. Rc4 f4 38. Bc8 h5 39. Rc1 Re2 40. Bxb7 Kh4 41. Rg1 Rxe5 42. Bc6 Re2 43. Rxg7 Kxh3 44. Bd7+ Kh4 45. Rg2 Re1+ 46. Rg1 Re2 47. Rb1 Kg3 48. b6 Rh2+ 49. Kg1 Rg2+ 50. Kf1 Rh2 51. Rb3 Rh1+ 52. Ke2 Rh2+ 53. Kd1 1-0

[Event "Kupreichik Memorial Rapid 2019"]
[Site "Minsk"]
[Date "2019.08.16"]
[Round "7.17"]
[White "Kiryliuk, Ilya"]
[Black "Smirnov, Valerij"]
[Result "0-1"]
[ECO "B28"]
[WhiteElo "1948"]
[BlackElo "2261"]
[Annotator "NA"]
[PlyCount "95"]
[EventDate "2019.08.15"]
[EventType "swiss"]
[EventCountry "BLR"]
[SourceTitle "playchess.com"]
[Source "ChessBase"]
[SourceQuality "1"]
[TimeControl "900+10"]

1. e4 c5 2. Nf3 a6 3. c3 e6 4. d4 d5 5. exd5 exd5 6. Nbd2 Nc6 7. Be2 Nf6 8. O-O cxd4 9. Nxd4 Nxd4 10. cxd4 Be7 11. Bf3 O-O 12. Re1 Bf5 13. Nb3 Rc8 14. Bg5 h6 15. Bxf6 Bxf6 16. Rc1 Rc4 17. Be2 Rxc1 18. Qxc1 Qd6 19. Qd1 Qb4 20. Bf3 Rd8 21. Re2 b6 22. Qe1 Qxe1+ 23. Rxe1 a5 24. g4 Bg6 25. a4 Bd3 26. Rc1 Bc4 27. Nd2 Bg5 28. Rc2 Bxd2 29. Rxd2 Bb3 30. Bd1 Bxd1 31. Rxd1 Rc8 32. Rd3 Rc4 33. b3 Rc2 34. Kg2 g5 35. Kg3 Kg7 36. f3 Kg6 37. h4 gxh4+ 38. Kxh4 Rc1 39. Kg3 Kg5 40. Re3 Rg1+ 41. Kf2 Rb1 42. Kg3 f6 43. Rd3 f5 44. gxf5 Kxf5 45. Rc3 h5 46. Re3 h4+ 47. Kxh4 Kf4 48. Kh3 {Ke5 Rd3+} 0-1

[Event "Kupreichik Memorial Rapid 2019"]
[Site "Minsk"]
[Date "2019.08.16"]
[Round "7.18"]
[White "Kameko, Aleksandr"]
[Black "Shaban, Alena"]
[Result "1-0"]
[ECO "B04"]
[WhiteElo "2045"]
[BlackElo "2030"]
[Annotator "NA"]
[PlyCount "83"]
[EventDate "2019.08.15"]
[EventType "swiss"]
[EventCountry "BLR"]
[SourceTitle "playchess.com"]
[Source "ChessBase"]
[SourceQuality "1"]
[TimeControl "900+10"]

1. e4 Nf6 2. e5 Nd5 3. d4 d6 4. Nf3 g6 5. h3 Bg7 6. Be2 O-O 7. O-O Nc6 8. c4 Nb6 9. exd6 cxd6 10. Nc3 Bf5 11. Be3 d5 12. b3 h6 13. Rc1 g5 14. Qd2 Be4 15. c5 Nc8 16. Rfd1 e6 17. b4 Nxb4 18. Nxe4 dxe4 19. Qxb4 exf3 20. Bxf3 Rb8 21. d5 exd5 22. Rxd5 a5 23. Qg4 Qe8 24. Bxg5 f5 25. Qg3 Ne7 26. Bxh6 Qg6 27. Qxg6 Nxg6 28. Bxg7 Kxg7 29. Rd7+ Kf6 30. Rxb7 Ne5 31. Rxb8 Rxb8 32. c6 Nxf3+ 33. gxf3 Ke5 34. c7 Rc8 35. Kg2 Kf4 36. Rc4+ Kg5 37. h4+ Kh5 38. Kh3 Kg6 39. a4 Kh5 40. Rc6 f4 41. Rc5+ Kh6 42. Kg4 1-0

[Event "Kupreichik Memorial Rapid 2019"]
[Site "Minsk"]
[Date "2019.08.16"]
[Round "7.19"]
[White "Spizharny, Mikhail"]
[Black "Siniauski, Artsiom"]
[Result "1-0"]
[ECO "C11"]
[WhiteElo "2079"]
[BlackElo "2142"]
[Annotator "NA"]
[PlyCount "105"]
[EventDate "2019.08.15"]
[EventType "swiss"]
[EventCountry "BLR"]
[SourceTitle "playchess.com"]
[Source "ChessBase"]
[SourceQuality "1"]
[TimeControl "900+10"]

1. e4 e6 2. d4 d5 3. Nc3 Nf6 4. e5 Nfd7 5. f4 c5 6. Nf3 Nc6 7. Be3 cxd4 8. Nxd4 Bc5 9. Qd2 O-O 10. O-O-O a6 11. Nb3 Bb4 12. Bd3 a5 13. a3 a4 14. Nd4 Nxd4 15. axb4 Nc6 16. Nb5 f6 17. exf6 Nxf6 18. Nd4 Qc7 19. g3 Bd7 20. Nb5 Qb8 21. Bc5 Rd8 22. Bb6 Rc8 23. Rhe1 Nd8 24. Nd4 Qd6 25. Bc5 Qc7 26. Be7 Qb6 27. Qe3 Kf7 28. Bc5 Qc7 29. Nf3 a3 30. bxa3 b6 31. Bd4 Rxa3 32. Kb2 Rca8 33. Ra1 Qa7 34. Bg6+ hxg6 35. Rxa3 Qxa3+ 36. Qxa3 Rxa3 37. Kxa3 b5 38. Ne5+ Ke8 39. Nxg6 Nc6 40. c3 Ne4 41. Bxg7 Kf7 42. Ne5+ Kxg7 43. Nxd7 Nxc3 44. Rxe6 Nd4 45. Re7+ Kh6 46. Ne5 Ne4 47. g4 Nc2+ 48. Kb2 Nxb4 49. g5+ Nxg5 50. fxg5+ Kxg5 51. Rb7 Kf4 52. Rxb5 Na6 53. Nd3+ 1-0

[Event "Kupreichik Memorial Rapid 2019"]
[Site "Minsk"]
[Date "2019.08.16"]
[Round "7.20"]
[White "Tyurin, Artem"]
[Black "Mochalov, Evgeny V"]
[Result "0-1"]
[ECO "A34"]
[WhiteElo "2057"]
[BlackElo "2374"]
[Annotator "NA"]
[PlyCount "80"]
[EventDate "2019.08.15"]
[EventType "swiss"]
[EventCountry "BLR"]
[SourceTitle "playchess.com"]
[Source "ChessBase"]
[SourceQuality "1"]
[TimeControl "900+10"]

1. c4 c5 2. Nc3 g6 3. Nf3 Bg7 4. e3 Nf6 5. d4 O-O 6. Bd3 cxd4 7. exd4 d5 8. h3 Nc6 9. O-O dxc4 10. Bxc4 Na5 11. Bd3 Be6 12. Re1 Bc4 13. Bxc4 Nxc4 14. Qe2 Rc8 15. Bf4 e6 16. Be5 Qb6 17. Rab1 Rfd8 18. Na4 Qb4 19. Nc3 Nxe5 20. dxe5 Nd5 21. Nxd5 Rxd5 22. Rbc1 Rdc5 23. Rxc5 Qxc5 24. Qe4 Qc6 25. Qf4 h6 26. Rd1 g5 27. Qe3 Qc2 28. Qd4 Bf8 29. Rf1 b6 30. Nd2 Qc5 31. Qxc5 Rxc5 32. Re1 Bg7 33. Nf3 Rc2 34. Rd1 Bf8 35. Nd2 Rxb2 36. Ne4 Bg7 37. Rd8+ Kh7 38. Rd7 Bxe5 39. Rxf7+ Kg6 40. Rxa7 Rb1# 0-1

[Event "Kupreichik Memorial Rapid 2019"]
[Site "Minsk"]
[Date "2019.08.16"]
[Round "7.21"]
[White "Leinov, Roman"]
[Black "Zverev, Lev"]
[Result "1/2-1/2"]
[ECO "A06"]
[WhiteElo "2189"]
[BlackElo "1881"]
[Annotator "NA"]
[PlyCount "94"]
[EventDate "2019.08.15"]
[EventType "swiss"]
[EventCountry "BLR"]
[SourceTitle "playchess.com"]
[Source "ChessBase"]
[SourceQuality "1"]
[TimeControl "900+10"]

1. Nf3 d5 2. g3 e6 3. Bg2 Nf6 4. O-O Be7 5. d4 O-O 6. c4 b6 7. cxd5 exd5 8. Nc3 Bb7 9. b3 Nbd7 10. Bb2 c5 11. Rc1 Rc8 12. Ne5 cxd4 13. Qxd4 Bc5 14. Qf4 Re8 15. Nxd7 Qxd7 16. e3 Ne4 17. Rfd1 Nxf2 18. Rxd5 Bxd5 19. Nxd5 Nh3+ 20. Bxh3 Qxd5 21. b4 Qd2 22. bxc5 Qxb2 23. Rf1 Ra8 24. Qxf7+ Kh8 25. Bd7 Rg8 26. c6 Qc3 27. Qf4 Qc5 28. Qd4 Qc2 29. Qd6 Qe2 30. Qe6 Raf8 31. Rf4 Qd2 32. h4 h6 33. Qe7 Qe1+ 34. Kg2 Rxf4 35. gxf4 Qe2+ 36. Kg3 Qe1+ 37. Kf3 Qh1+ 38. Kg4 g6 39. Kg3 Qe1+ 40. Kf3 Qd1+ 41. Kg3 Qg1+ 42. Kf3 Qh1+ 43. Kg3 Qg1+ 44. Kf3 Qh1+ 45. Kg3 Qg1+ 46. Kf3 Qh1+ 47. Kg3 Qg1+ 1/2-1/2

[Event "Kupreichik Memorial Rapid 2019"]
[Site "Minsk"]
[Date "2019.08.16"]
[Round "7.22"]
[White "Kalinin, Dmitry"]
[Black "Sadovnikov, Konstantin"]
[Result "1-0"]
[ECO "A56"]
[WhiteElo "2119"]
[BlackElo "1798"]
[Annotator "NA"]
[PlyCount "127"]
[EventDate "2019.08.15"]
[EventType "swiss"]
[EventCountry "BLR"]
[SourceTitle "playchess.com"]
[Source "ChessBase"]
[SourceQuality "1"]
[TimeControl "900+10"]

1. d4 Nf6 2. c4 c5 3. dxc5 e6 4. Nf3 Bxc5 5. e3 Nc6 6. Be2 O-O 7. O-O d5 8. cxd5 Qxd5 9. Qa4 Qe4 10. Qb5 Qb4 11. Nc3 a6 12. Qd3 Rd8 13. Qc2 Bd6 14. Rd1 Qb6 15. a3 Qc7 16. e4 Bd7 17. Bg5 Ne5 18. g3 Nxf3+ 19. Bxf3 Be7 20. Rac1 Rac8 21. Qe2 Bc6 22. Bg2 h6 23. Be3 Rxd1+ 24. Qxd1 Rd8 25. Qb3 Nd7 26. Nd5 Qd6 27. Nxe7+ Qxe7 28. h3 Nf6 29. Qc4 Bb5 30. Qc3 Bc6 31. Qe5 Qd7 32. Bxh6 gxh6 33. Qxf6 Qd2 34. Rc2 Qd1+ 35. Kh2 Qxc2 36. Qxd8+ Kg7 37. Qd4+ Kg8 38. h4 Qe2 39. b3 Qc2 40. Qe3 Kg7 41. b4 Qb2 42. Bf3 Qe5 43. Kg2 Bb5 44. Qc5 Qa1 45. e5 Qxa3 46. Bxb7 Qa1 47. Qe3 Qb1 48. Qf4 Qe1 49. g4 Bf1+ 50. Kh2 Bd3 51. g5 hxg5 52. Qxg5+ Kf8 53. Qf4 Qf1 54. h5 Bf5 55. Bg2 Qe2 56. h6 Qh5+ 57. Kg3 Qg6+ 58. Kf3 Qh5+ 59. Ke3 Qd1 60. Qd4 Qc1+ 61. Qd2 Qc7 62. Qd6+ Qxd6 63. exd6 Ke8 64. Be4 1-0

[Event "Kupreichik Memorial Rapid 2019"]
[Site "Minsk"]
[Date "2019.08.16"]
[Round "7.23"]
[White "Talma, Sergei"]
[Black "Zhukovskij, Viktor"]
[Result "1-0"]
[ECO "C12"]
[WhiteElo "1882"]
[BlackElo "2028"]
[Annotator "NA"]
[PlyCount "131"]
[EventDate "2019.08.15"]
[EventType "swiss"]
[EventCountry "BLR"]
[SourceTitle "playchess.com"]
[Source "ChessBase"]
[SourceQuality "1"]
[TimeControl "900+10"]

1. d4 Nf6 2. Nc3 d5 3. Bg5 e6 4. e4 Bb4 5. Nge2 h6 6. Bxf6 Qxf6 7. a3 Bxc3+ 8. Nxc3 c6 9. e5 Qe7 10. Bd3 a6 11. Ne2 b6 12. O-O c5 13. c3 Nc6 14. Bc2 Bb7 15. f4 g6 16. Qd2 h5 17. b4 c4 18. Kh1 Qc7 19. Ng1 h4 20. Nh3 Ne7 21. a4 Nf5 22. Bxf5 gxf5 23. Ng5 Qe7 24. a5 b5 25. Rf3 O-O-O 26. Rh3 Rh5 27. g3 Rdh8 28. Rxh4 Rxh4 29. gxh4 Rxh4 30. Qf2 Rh6 31. Rg1 Bc6 32. Rg3 f6 33. exf6 Qxf6 34. Nf3 Be8 35. Qg2 Bg6 36. Ne5 Bh7 37. Rg7 Kd8 38. Nf7+ Ke8 39. Nxh6 Qxh6 40. Qg5 Qxg5 41. fxg5 Bg8 42. Ra7 Kf8 43. Rxa6 Kg7 44. Rb6 Kg6 45. a6 Kxg5 46. a7 Bh7 47. a8=Q f4 48. Rxe6 Kg4 49. Qxd5 Bd3 50. Re1 f3 51. Kg1 Kf4 52. Kf2 Be2 53. Qe5+ Kg4 54. Rxe2 fxe2 55. Qxe2+ Kf4 56. Qe5+ Kg4 57. Qg3+ Kf5 58. h4 Ke4 59. h5 Kf5 60. h6 Ke4 61. h7 Kf5 62. h8=Q Ke6 63. Qhe5+ Kd7 64. Qgg7+ Kd8 65. Qee7+ Kc8 66. Qc7# 1-0

[Event "Kupreichik Memorial Rapid 2019"]
[Site "Minsk"]
[Date "2019.08.16"]
[Round "7.24"]
[White "Masjuk, Vladimir"]
[Black "Sarbay, Aleksandr"]
[Result "0-1"]
[ECO "C02"]
[WhiteElo "1900"]
[BlackElo "2115"]
[Annotator "NA"]
[PlyCount "62"]
[EventDate "2019.08.15"]
[EventType "swiss"]
[EventCountry "BLR"]
[SourceTitle "playchess.com"]
[Source "ChessBase"]
[SourceQuality "1"]
[TimeControl "900+10"]

1. e4 c5 2. c3 e6 3. d4 d5 4. e5 Nc6 5. Nf3 Qb6 6. Be2 cxd4 7. cxd4 Nge7 8. g4 h5 9. gxh5 Nf5 10. Be3 Qxb2 11. Nbd2 Ncxd4 12. Nxd4 Nxd4 13. Qa4+ Nc6 14. O-O Qxe5 15. Rac1 Bd6 16. Nf3 Qxh5 17. Bf4 Qg4+ 18. Kh1 Qxf4 19. Qxf4 Bxf4 20. Rc2 e5 21. Bb5 Bd7 22. Rd1 e4 23. Bxc6 bxc6 24. Nd4 Rc8 25. f3 exf3 26. Nxf3 Bf5 27. Re2+ Be4 28. Kg1 Kf8 29. Nd4 c5 30. Rf1 Bxh2+ 31. Rxh2 Rxh2 0-1

[Event "Kupreichik Memorial Rapid 2019"]
[Site "Minsk"]
[Date "2019.08.16"]
[Round "7.25"]
[White "Kharin, Mikhail"]
[Black "Tkachou, Viktar"]
[Result "1-0"]
[ECO "A45"]
[WhiteElo "2156"]
[BlackElo "1791"]
[Annotator "NA"]
[PlyCount "85"]
[EventDate "2019.08.15"]
[EventType "swiss"]
[EventCountry "BLR"]
[SourceTitle "playchess.com"]
[Source "ChessBase"]
[SourceQuality "1"]
[TimeControl "900+10"]

1. d4 Nf6 2. Nc3 e6 3. Bf4 d5 4. Nb5 Bd6 5. Nxd6+ cxd6 6. Nf3 Nc6 7. e3 h6 8. c4 dxc4 9. Bxc4 O-O 10. O-O b6 11. Rc1 Na5 12. Bb5 Nh5 13. b4 Nxf4 14. exf4 a6 15. Ba4 Nb7 16. Bc6 Rb8 17. Qd3 a5 18. b5 Bd7 19. a4 f6 20. Rc3 d5 21. f5 Nd6 22. fxe6 Bxe6 23. Re1 Bf7 24. Nd2 Nc4 25. Nxc4 dxc4 26. Qe4 Rc8 27. d5 Rxc6 28. dxc6 Re8 29. Qb1 Bg6 30. Rxe8+ Qxe8 31. Qc1 Bd3 32. Qe3 Qd8 33. h3 Kf7 34. Rc1 Kf8 35. Qf4 Qc8 36. Qd6+ Kf7 37. Re1 Bf5 38. Re7+ Kg8 39. c7 c3 40. Qc6 Kf8 41. Qd6 Kg8 42. Qg3 g6 43. Qxc3 1-0

[Event "Kupreichik Memorial Rapid 2019"]
[Site "Minsk"]
[Date "2019.08.16"]
[Round "7.27"]
[White "Strizhnev, Ivan"]
[Black "Svjatocho, Andrej"]
[Result "1-0"]
[ECO "B03"]
[WhiteElo "1394"]
[BlackElo "1995"]
[Annotator "NA"]
[PlyCount "87"]
[EventDate "2019.08.15"]
[EventType "swiss"]
[EventCountry "BLR"]
[SourceTitle "playchess.com"]
[Source "ChessBase"]
[SourceQuality "1"]
[TimeControl "900+10"]

1. e4 Nf6 2. e5 Nd5 3. c4 Nb6 4. d4 d6 5. f4 dxe5 6. fxe5 Nc6 7. Nf3 Bf5 8. b3 e6 9. Bb2 Nb4 10. Na3 c5 11. dxc5 Bxc5 12. Bd4 Nd3+ 13. Bxd3 Bxd4 14. Bxf5 Bxa1 15. Be4 Qxd1+ 16. Kxd1 O-O-O+ 17. Kc2 Bd4 18. Nb5 Bc5 19. Nxa7+ Kb8 20. Nb5 f5 21. Bd3 h6 22. h4 Nc8 23. a3 b6 24. b4 Be7 25. Nbd4 g5 26. Nc6+ Kc7 27. Nxd8 Rxd8 28. hxg5 hxg5 29. Rh6 g4 30. Nd2 Kd7 31. Nb3 Bg5 32. Rg6 Be3 33. c5 Ne7 34. Bb5+ Kc8 35. Rxe6 Nd5 36. Rd6 f4 37. e6 Nc7 38. Bd7+ Kb8 39. e7 Rh8 40. cxb6 Ne8 41. Bxe8 f3 42. Rd8+ Kb7 43. Bc6+ Kxc6 44. Rxh8 1-0

[Event "Kupreichik Memorial Rapid 2019"]
[Site "Minsk"]
[Date "2019.08.16"]
[Round "7.28"]
[White "Dvurechensky, Viacheslav"]
[Black "Arlou, Valery"]
[Result "1-0"]
[ECO "B06"]
[WhiteElo "1840"]
[BlackElo "1759"]
[Annotator "NA"]
[PlyCount "151"]
[EventDate "2019.08.15"]
[EventType "swiss"]
[EventCountry "BLR"]
[SourceTitle "playchess.com"]
[Source "ChessBase"]
[SourceQuality "1"]
[TimeControl "900+10"]

1. e4 g6 2. d4 Bg7 3. Nc3 d6 4. Nf3 Bg4 5. Be2 Nc6 6. Be3 Bxf3 7. Bxf3 e5 8. d5 Nce7 9. O-O f5 10. exf5 Nxf5 11. Re1 Nxe3 12. Rxe3 Nf6 13. Ne4 Nxe4 14. Rxe4 O-O 15. Bg4 Qf6 16. Be6+ Kh8 17. Qe2 c6 18. Rb4 Rab8 19. Rf1 Qd8 20. Qe3 Qa5 21. Qb3 Qc7 22. Qa4 a5 23. Re4 cxd5 24. Bxd5 b5 25. Qb3 Qc5 26. Qd3 a4 27. b4 axb3 28. axb3 b4 29. Rc4 Qa7 30. Rc6 Qe7 31. Qa6 Rfd8 32. Rb6 e4 33. Qb5 Rxb6 34. Qxb6 Bc3 35. Qe3 Qg7 36. Qxe4 Rf8 37. f3 Bd4+ 38. Kh1 Bc5 39. Re1 Qf6 40. h4 Bd4 41. Qg4 Qf5 42. Qxf5 gxf5 43. Re6 Be5 44. Kg1 Kg7 45. Re7+ Kg6 46. h5+ Kxh5 47. Rxh7+ Kg6 48. Rb7 Bd4+ 49. Kf1 Bc5 50. Bc4 Rh8 51. Bd3 Kf6 52. g4 fxg4 53. fxg4 Rh1+ 54. Kg2 Rg1+ 55. Kf3 Rh1 56. Bf5 Ke5 57. Re7+ Kd4 58. Re4+ Kc3 59. Rc4+ Kd2 60. Ke4 Re1+ 61. Kd5 Re5+ 62. Kc6 Re8 63. Re4 Rg8 64. Re6 Rc8+ 65. Kd7 Rg8 66. Rg6 Rb8 67. g5 Rb7+ 68. Ke6 Ke3 69. Rg8 Kf4 70. Bd3 Rb6 71. g6 Kg5 72. Rh8 Bd4 73. Rh7 Be5 74. g7 Bxg7 75. Rxg7+ Kf4 76. Rd7 1-0

[Event "Kupreichik Memorial Rapid 2019"]
[Site "Minsk"]
[Date "2019.08.16"]
[Round "7.30"]
[White "Kashtelyan, Valentin"]
[Black "Stanishevskij, Aleksandr"]
[Result "0-1"]
[ECO "B02"]
[WhiteElo "1488"]
[BlackElo "1830"]
[Annotator "NA"]
[PlyCount "78"]
[EventDate "2019.08.15"]
[EventType "swiss"]
[EventCountry "BLR"]
[SourceTitle "playchess.com"]
[Source "ChessBase"]
[SourceQuality "1"]
[TimeControl "900+10"]

1. e4 Nf6 2. d3 c5 3. Nf3 Nc6 4. Be2 g6 5. O-O Bg7 6. c3 d6 7. Na3 a6 8. Nc2 b5 9. h3 O-O 10. Be3 Bd7 11. Qd2 a5 12. Bh6 b4 13. Bxg7 Kxg7 14. Nh4 Qb6 15. Kh1 Rfb8 16. b3 a4 17. bxa4 Rxa4 18. cxb4 Nxb4 19. Ne3 Qa7 20. Ng4 Nxg4 21. Bxg4 Bxg4 22. hxg4 Ra3 23. Qg5 Kg8 24. f4 Nc2 25. Rab1 Rxb1 26. Rxb1 Rxa2 27. f5 Ra1 28. Rxa1 Qxa1+ 29. Kh2 Qe5+ 30. g3 Nb4 31. Nf3 Qf6 32. Qe3 Qb2+ 33. Kh3 Qc2 34. Ne1 Qd1 35. fxg6 hxg6 36. e5 d5 37. e6 fxe6 38. Qxe6+ Kf8 39. Ng2 Qh1# {[%emt 0:00:04] Ne1} 0-1